 Dungeon Crawl Stone Soup version 0.21.1-1-g345015fe64 (webtiles) character file.

44 BrokenGlass the Sneak (level 3, 0/25 HPs)
             Began as an Octopode Assassin on Apr 4, 2018.
             Slain by a hobgoblin (6 damage)
             ... led by Robin
             ... on level 1 of the Dungeon.
             The game lasted 00:01:24 (1215 turns).

BrokenGlass the Sneak (Octopode Assassin)           Turns: 1215, Time: 00:01:25

Health: 0/25       AC:  3    Str: 10    XL:     3   Next: 62%
Magic:  3/3        EV: 13    Int: 13    God:
Gold:   82         SH:  0    Dex: 14    Spells: 2/2 levels left

rFire    . . .     SeeInvis .   a - +2 dagger
rCold    . . .     Gourm    .   (no shield)
rNeg     . . .     Faith    .   (helmet restricted)
rPois    .         Spirit   .   (no amulet)
rElec    .         Reflect  .   (no ring)
rCorr    .         Harm     .   (no ring)
MR       .....                  (no ring)
Stlth    ++++......             (no ring)
HPRegen  0.08/turn              (no ring)
MPRegen  0.08/turn              (no ring)
                                (no ring)
                                (no ring)

@: flying
A: almost no armour, stealthy swim, amphibious, 8 rings, constrict 8, thin
metallic scales 1, camouflage 1, blurry vision 1, wild magic 1, gelatinous body
1
a: no special abilities


You were on level 1 of the Dungeon.
You were hungry.

You visited 1 branch of the dungeon, and saw 2 of its levels.

You collected 82 gold pieces.

Inventory:

Hand Weapons
 a - a +2 dagger (weapon)
 b - a +0 blowgun
 k - a +0 hunting sling
Missiles
 c - 8 poisoned needles
 d - 2 curare-tipped needles
 g - 19 sling bullets
 j - 28 stones (quivered)
Scrolls
 e - 2 scrolls of teleportation {unknown}
 h - a scroll of blinking {unknown}
 i - 5 scrolls of identify {unknown}
Comestibles
 f - 5 rations


   Skills:
 * Level 2.8 Fighting
 + Level 2.4 Short Blades
 - Level 2.0 Throwing
 - Level 1.0 Dodging
 * Level 6.1 Stealth


You had 2 spell levels left.
You didn't know any spells.

Dungeon Overview and Level Annotations

Branches:
Dungeon (2/15)

Altars:
Dithmenos


Innate Abilities, Weirdness & Mutations

You cannot wear most types of armour.
You are very stealthy in the water. (Stealth+)
You are amphibious.
You can wear up to eight rings at the same time.
You can use your tentacles to constrict eight enemies at once.
Your skin changes colour to match your surroundings (Stealth+).
Your rubbery body absorbs attacks. (AC +1, EV +1)
You are partially covered in thin metallic scales. (AC +2)
Scrolls take you a little longer to read.
Your spells are a little harder to cast, but a little more powerful.


Message History

The hobgoblin hits you.
* * * LOW HITPOINT WARNING * * *
Unknown command.
Unknown command.
Unknown command.
Unknown command.
It was a potion of mutation.
You feel extremely strange.
Thin metallic scales grow over part of your body.
Your vision blurs.
You feel less in control of your magic.
You constrict Robin. Robin closely misses you.
The hobgoblin closely misses you.
Unknown command.
It was a potion of flight.
You feel very buoyant.
You fly up into the air.
You constrict Robin. Robin barely misses you. The hobgoblin closely misses you.
You hit Robin.
You kill Robin!
The hobgoblin hits you.
You die...

#.# #.##.#.# ##.### #.#
#.##.#.# #..... #.# #.##.#.#
#..... #.# #.##.#.# #.....
#.# #.##.#.# #..... #.#
#.##.#.############ ##'###
#.#
#.##..............######....
#.#
#.###############...........
#.# #.....#
#@g..............#
#.#######.#
#)####............
#.........# #.#
###.#........ ###########
##.# #.#.####... #..# #.#.#
#... #..# #.#.# #... #..#
#.#.####[..
######..######.#........
#.......#........##.....


You could see a hobgoblin.

Vanquished Creatures
  Robin (D:1)
  A leopard gecko (D:1)
  A giant cockroach (D:1)
  5 hobgoblins
  3 jackals (D:1)
  4 kobolds (D:1)
  A quokka (D:2)
  A bat (D:1)
  2 frilled lizards
  8 goblins
  2 rats (D:1)
29 creatures vanquished.

Notes
Turn   | Place    | Note
-------+----------+-------------------------------------------
     0 | D:1      | BrokenGlass the Octopode Assassin began the quest for the Orb.
     0 | D:1      | Reached XP level 1. HP: 14/14 MP: 1/1
    49 | D:1      | Reached XP level 2. HP: 16/19 MP: 2/2
   882 | D:2      | Noticed Robin
   906 | D:2      | Reached XP level 3. HP: 20/25 MP: 3/3
   998 | D:2      | Found a shadowy altar of Dithmenos.
  1042 | D:2      | Reached skill level 6 in Stealth
  1213 | D:1      | Gained mutation: You are partially covered in thin metallic scales. (AC +2) [potion of mutation]
  1213 | D:1      | Gained mutation: Scrolls take you a little longer to read. [potion of mutation]
  1213 | D:1      | Gained mutation: Your spells are a little harder to cast, but a little more powerful. [potion of mutation]
  1215 | D:1      | Killed Robin
  1215 | D:1      | Slain by a hobgoblin

Skill      XL: |  1  2  3 |
---------------+----------+-----
Stealth        | 6 |  6.1
Fighting       | |  2.8
Short Blades   | |  2.4
Throwing       | |  2.0
Dodging        | |  1.0

Action                   || total
-------------------------++-------
Melee: Dagger            ||    58
       Constrict         ||    14
       Tentacles         ||    10
  Use: Potion            ||     2
 Stab: Sleeping          ||     7
Armor: Skin              ||     3
Dodge: Dodged            ||    33
